 Dungeon Crawl Stone Soup version 0.30-a0-748-ge6a52f7cba (webtiles) character file.

Game seed: 10703375731884181376

2499 MachoJfn the Chopper (level 9, -2/74 HPs)
             Began as a Demonspawn Gladiator on Feb 7, 2023.
             Was a Believer of Wu Jian.
             Succumbed to a hornet's poison
             ... on level 7 of the Dungeon on Feb 8, 2023.
             The game lasted 00:26:45 (6776 turns).

MachoJfn the Chopper (Demonspawn Gladiator)         Turns: 6776, Time: 00:26:46

Health: -2/74      AC: 15    Str: 19    XL:     9   Next: 28%
Magic:  9/9        EV:  7    Int: 17    God:    Wu Jian [**....]
Gold:   323        SH:  7    Dex: 15    Spells: 8/8 levels left

rFire   . . .      SeeInvis .    h - +5 flail
rCold   . . .      Faith    .    A - +0 kite shield
rNeg    . . .      Spirit   .    w - +0 chain mail
rPois   .          Reflect  .    c - +0 helmet
rElec   .          Harm     .    n - +1 cloak
rCorr   .          Rampage  .    j - +1 pair of gloves
Will    .....      Rage     3%   (no boots) Stlth
                                 q - amulet of the acrobat
HPRegen 0.32/turn                u - ring of flight
MPRegen 0.11/turn                i - +6 ring of intelligence

@: lethally poisoned (-2 -> -10), flying, slowed, very slow
A: hooves 2, foul stench 1, powered by pain 1, big brain 1, berserk 1, robust 1,
MP-powered wands
a: Renounce Religion, Wall Jump


You were on level 7 of the Dungeon.
You worshipped Wu Jian.
Wu Jian was pleased with you.
You visited 1 branch of the dungeon, and saw 7 of its levels.

You collected 323 gold pieces.

Inventory:

Hand Weapons
 a - a +0 war axe
 h - a +5 flail (weapon)
 C - a +2 dire flail of protection
Missiles
 e - a javelin
Armour
 c - a +0 helmet (worn)
 j - a +1 pair of gloves (worn)
 n - a +1 cloak (worn)
 w - a +0 chain mail (worn)
 A - a +0 kite shield (worn)
Jewellery
 i - a +6 ring of intelligence (right hand)
 q - an amulet of the acrobat (around neck)
 u - a ring of flight (left hand)
Wands
 d - a wand of paralysis (3)
 s - a wand of roots (7)
 z - a wand of flame (5)
Scrolls
 f - a scroll of poison {unknown}
 g - 3 scrolls of immolation (quivered)
 k - a scroll of amnesia
 t - 4 scrolls of teleportation
 B - a scroll of vulnerability
Potions
 b - a potion of attraction {unknown}
 l - 2 potions of magic
 m - a potion of degeneration {unknown}
 o - a potion of lignification {unknown}
 p - a potion of brilliance {unknown}
 r - 2 potions of mutation
 v - a potion of might {unknown}
 x - 3 potions of curing


   Skills:
 + Level 5.1 Fighting
 + Level 4.0 Short Blades
 - Level 6.6(7.0) Axes
 * Level 3.0(5.2) Maces & Flails
 + Level 2.0 Throwing
 + Level 5.6 Armour
 + Level 4.0 Dodging
 + Level 1.0 Stealth
 + Level 0.1 Evocations


You had 8 spell levels left.
You didn't know any spells.
Your spell library contained the following spells:

 Spells                   Type           Power      Damage    Failure   Level
 Foxfire                  Conj/Fire      0%         2x1d4     100%        1
 Blink                    Tloc           0%         N/A       100%        2
 Leda's Liquefaction      Hex/Erth       0%         N/A       100%        4
 Manifold Assault         Tloc           0%         N/A       100%        4
 Fireball                 Conj/Fire      0%         3d3       100%        5
 Lee's Rapid Deconstruct  Erth           0%         3d4*      100%        5
 Starburst                Conj/Fire      0%         6d3       100%        6
 Statue Form              Tmut/Erth      0%         N/A       100%        6
 Storm Form               Tmut/Air       0%         N/A       100%        7


Dungeon Overview and Level Annotations

Branches:
Dungeon (7/15)             Temple (0/1) D:6

Altars:
Ashenzari
Cheibriados
Qazlal
Trog
Wu Jian
Xom

Shops:
D:1 :   D:2 [

Annotations:
D:7 Menkaure


Innate Abilities, Weirdness & Mutations

You have hoof-like feet.
You may rarely emit foul miasma when damaged in melee.
You sometimes gain a little power by taking damage.
You have an unusually large brain. (Int +2)
You sometimes lose your temper in combat.
You are robust. (+10% HP)
You expend magic power (3 MP) to strengthen your wands.


Message History

The iguana bites you but does no damage.
The hornet stings you!
You are more poisoned.
You feel as though you will be slow longer.
You can move again.
You sock the hornet! Your kick misses the hornet.
The hornet is heavily wounded.
You feel extremely sick. You block the hornet's attack.
You block the iguana's attack.
The hornet stings you but does no damage.
A bullfrog comes into view.
The iguana barely misses you. The hornet barely misses you.
You closely miss the hornet. You kick the hornet.
The hornet is heavily wounded.
You feel very sick. You block the hornet's attack.
The iguana bites you but does no damage.
You block the hornet's attack.
The iguana bites you but does no damage.
The hornet stings you!
You are more poisoned.
You feel as though you will be slow longer.
Menkaure gestures wildly while chanting.
Menkaure seems to speed up.
You hit the hornet.
The hornet is severely wounded.
You feel extremely sick. The hornet stings you!
* * * LOW HITPOINT WARNING * * *
You feel as though you will be slow longer.
The iguana bites you but does no damage.
The hornet closely misses you. The iguana bites you.
* * * LOW HITPOINT WARNING * * *
Menkaure calls on the powers of darkness!
The bullfrog convulses!
The hornet convulses!
The iguana convulses!
You feel a surge of unholy energy. The hornet closely misses you.
You bludgeon the hornet!!
You kill the hornet!
The Council accepts your kill.
You die...

.......................#
.....................####
........................#
..............##.....#..
......#.......##.....#..
####...........h.....
#....###..###..... #.....
##.# #.... ##.... #@#
.... ........l)# ..#
.......M. ( ......!#..
......# ... .#.... ....
#...) ..?.# ##... ....#


You could see Menkaure (fast) and an iguana.

Vanquished Creatures
  Pikel (D:4)
  A hornet (D:7)
  Grinder (D:6)
  A water moccasin (D:5)
  An orc warrior (D:6)
  2 black bears
  2 ice beasts (D:6)
  2 ogres
  A centaur (D:4)
  A scorpion (D:4)
  3 wights (D:6)
  A gnoll bouda (D:7)
  3 hounds
  4 orc priests (D:5)
  3 jellies
  5 iguanas
  6 orc wizards
  5 gnolls (D:7)
  6 adders
  A white imp (D:7)
  3 ufetubi
  2 worms
  3 dart slugs
  22 orcs
  4 ball pythons
  5 bats
  8 endoplasms
  5 giant cockroaches
  5 hobgoblins
  2 jackals (D:1)
  5 kobolds
  5 quokkas
  5 frilled lizards
  2 goblins
  7 rats
133 creatures vanquished.

Vanquished Creatures (others)
  An orc wizard (D:5)
  7 plants (D:1)
8 creatures vanquished.

Grand Total: 141 creatures vanquished

Notes
Turn   | Place    | Note
-------+----------+-------------------------------------------
     0 | D:1      | MachoJfn the Demonspawn Gladiator began the quest for the
                  | Orb.
     0 | D:1      | Reached XP level 1. HP: 16/16 MP: 1/1
   136 | D:1      | Found Sipuaxt's Book Emporium.
   153 | D:1      | Gained mutation: You have an unusually large brain. (Int
                  | +2) [demonic ancestry]
   153 | D:1      | Reached XP level 2. HP: 16/22 MP: 2/2
   204 | D:1      | Upgraded the game from 0.30-a0-743-gbfdf073431 to
                  | 0.30-a0-748-ge6a52f7cba
   325 | D:1      | Reached skill level 3 in Axes
  1208 | D:2      | Reached XP level 3. HP: 27/27 MP: 3/3
  1400 | D:2      | Found an ornate altar of the Wu Jian Council.
  1406 | D:2      | Found Pezeucer's Armour Shoppe.
  1408 | D:2      | Became a worshipper of the Wu Jian Council
  1493 | D:2      | Reached skill level 1 in Armour
  2027 | D:3      | Gained mutation: You have large cloven feet. [demonic
                  | ancestry]
  2027 | D:3      | Reached XP level 4. HP: 27/33 MP: 4/4
  2308 | D:4      | Noticed a centaur
  2326 | D:4      | Killed a centaur
  2327 | D:4      | Reached XP level 5. HP: 29/39 MP: 5/5
  2381 | D:4      | Noticed Pikel
  2381 | D:4      | Noticed a lemure
  2381 | D:4      | Noticed a lemure
  2399 | D:4      | Noticed a lemure
  2437 | D:4      | Paralysed by Pikel for 5 turns
  2444 | D:4      | Noticed a lemure
  2459 | D:4      | Paralysed by Pikel for 5 turns
  2467 | D:4      | Killed Pikel
  2468 | D:4      | Reached skill level 4 in Axes
  2468 | D:4      | Gained mutation: You may rarely emit foul miasma when
                  | damaged in melee. [demonic ancestry]
  2468 | D:4      | Reached XP level 6. HP: 32/47 MP: 6/6
  2468 | D:4      | Gained mutation: You sometimes gain a little power by
                  | taking damage. [demonic ancestry]
  2468 | D:4      | Reached XP level 7. HP: 35/52 MP: 7/7
  2711 | D:4      | Reached * piety under Wu Jian
  3349 | D:4      | Identified the +0 kite shield of the Hidden Vale {Harm
                  | +Blink rPois MP-9}
  3714 | D:5      | Entered Level 5 of the Dungeon
  3923 | D:5      | Gained mutation: You sometimes lose your temper in combat.
                  | [potion of mutation]
  3923 | D:5      | Gained mutation: You are robust. (+10% HP) [potion of
                  | mutation]
  3923 | D:5      | Gained mutation: You expend magic power (3 MP) to
                  | strengthen your wands. [potion of mutation]
  4133 | D:5      | Gained mutation: You have hoof-like feet. [demonic
                  | ancestry]
  4133 | D:5      | Reached XP level 8. HP: 57/66 MP: 8/8
  4175 | D:5      | Reached skill level 5 in Axes
  4661 | D:5      | Reached ** piety under Wu Jian
  5090 | D:6      | Reached skill level 6 in Axes
  5420 | D:6      | Reached skill level 5 in Armour
  5668 | D:6      | Found a bloodstained altar of Trog.
  5670 | D:6      | Found a snail-covered altar of Cheibriados.
  5682 | D:6      | Found a shimmering altar of Xom.
  5710 | D:6      | Found a stormy altar of Qazlal.
  5936 | D:6      | Found a broken altar of Ashenzari.
  6003 | D:6      | Found a staircase to the Ecumenical Temple.
  6027 | D:6      | Reached XP level 9. HP: 73/73 MP: 9/9
  6065 | D:6      | Noticed Grinder
  6078 | D:6      | Killed Grinder
  6079 | D:6      | Reached skill level 5 in Fighting
  6079 | D:6      | Reached skill level 1 in Maces & Flails
  6079 | D:6      | Reached skill level 1 in Stealth
  6770 | D:7      | Noticed Menkaure
  6770 | D:7      | Paralysed by a hornet for 3 turns
  6775 | D:7      | HP: 1/74 [iguana (4)]
  6776 | D:7      | Succumbed to a hornet's poison

Illustrated notes

Levels and vault maps discovered:
D:1:      nzn_arrival_settlement, layout_basic, serial_bayou,
          serial_bayou_ford_a, serial_bayou_pond_a, serial_bayou_lagoon_a,
          serial_bayou_pond_b, serial_bayou_pond_d, serial_bayou_pond_b,
          serial_shops, shop, corexii_item_surrounded_by_moat, hex_intersection
D:2:      layout_basic, basic_altar, serial_shops, shop
D:3:      layout_basic
D:4:      layout_basic, grunt_decor_cap, uniq_pikel
D:5:      layout_gridville, nicolae_nh_ransacked_shop
D:6:      layout_basic, minmay_overflow_temple_star_hex,
          minmay_temple_entry_nine_rooms, serial_park_tiny_2,
          hangedman_decor_clover_reticule, uniq_grinder
D:7:      layout_cave_pools, due_unseen_surprise, uniq_menkaure

Skill      XL: |  1  2  3  4  5  6  7  8  9 |
---------------+----------------------------+-----
Dodging        | 3 4 |  4.0
Axes           | 3 4 6 |  6.6
Armour         | 1 3 5 |  5.6
Fighting       | 3 4 5 |  5.1
Short Blades   | 2 3 4 |  4.0
Throwing       | 2 |  2.0
Maces & Flails | 3 |  3.0
Stealth        | 1 |  1.0
Evocations     | |  0.1

Action                     |  1- 3 |  4- 6 |  7- 9 || total
---------------------------+-------+-------+-------++-------
  Melee: War axe           |   101 |       |   185 ||   286
         Short sword       |    32 |    52 |   110 ||   194
         Kick              |       |    16 |   101 ||   117
         Flail             |       |       |    63 ||    63
  Throw: Throwing net      |     2 |     2 |       ||     4
Ability: Lunge             |     7 |     3 |     6 ||    16
         Whirlwind         |       |       |    23 ||    23
  Evoke: Wand              |       |       |     1 ||     1
    Use: Potion            |     3 |     1 |     2 ||     6
         Scroll            |     1 |       |    10 ||    11
   Stab: Held in net/web   |       |     1 |       ||     1
 Armour: Leather armour    |    13 |       |       ||    13
         Scale mail        |     6 |       |       ||     6
         Ring mail         |     3 |       |       ||     3
         Chain mail        |    34 |    27 |   222 ||   283
  Dodge: Dodged            |    88 |    19 |   139 ||   246
  Block: Kite shield       |       |       |    97 ||    97

Table legend: (Time is in decaauts)
 A = Elapsed time spent in this place.
 B = Non-inter-level travel time spent in this place.
 C = Inter-level travel time spent in this place.
 D = Time resting spent in this place.
 E = Time spent auto-exploring this place.
 F = Levels seen in this place.
 G = Mean time per level.
                   A        B        C        D        E       F      G
               +--------+--------+--------+--------+--------+-----+--------+
         Total |   6898 |   5855 |   1043 |   1206 |   3391 |   7 |  985.4 |
       Dungeon |   6898 |   5855 |   1043 |   1206 |   3391 |   7 |  985.4 |
               +--------+--------+--------+--------+--------+-----+--------+

Top non-repeatable levels by time:
     D:6: 1536 daAuts
     D:5: 1405 daAuts
     D:4: 1378 daAuts
     D:1: 1073 daAuts
     D:2: 807 daAuts
     D:3: 468 daAuts
     D:7: 230 daAuts
